 Dungeon Crawl Stone Soup version 0.21.1-1-g345015f (webtiles) character file.

350 wilfster70 the Magician (level 6, 0/44 HPs)
             Began as a Gnoll Wizard on June 14, 2018.
             Shot with an arrow by a centaur (10 damage)
             ... on level 7 of the Dungeon.
             The game lasted 00:19:46 (4569 turns).

wilfster70 the Magician (Gnoll Wizard)              Turns: 4569, Time: 00:19:47

Health: 0/44       AC:  3    Str:  9    XL:     6   Next: 61%
Magic:  11/16      EV: 18    Int: 22    God:
Gold:   99         SH:  0    Dex: 14    Spells: 8/19 levels left

rFire    . . .     SeeInvis .   a - +0 spear
rCold    . . .     Gourm    .   (no shield)
rNeg     . . .     Faith    .   y - +0 robe (curse)
rPois    .         Spirit   .   p - +0 hat
rElec    .         Reflect  .   i - scarf {cloud immunity}
rCorr    .         Harm     .   (no gloves)
MR       .....                  l - +0 pair of boots
Stlth    +++.......             (no amulet)
HPRegen  0.14/turn              q - +3 ring of evasion
MPRegen  0.15/turn              (no ring)

@: no status effects
A: distributed training, fangs 1, strong nose
a: no special abilities


You were on level 7 of the Dungeon.
You were not hungry.

You visited 1 branch of the dungeon, and saw 7 of its levels.

You collected 99 gold pieces.

Inventory:

Hand Weapons
 a - a +0 spear (weapon)
 b - a +0 war axe
Missiles
 h - 18 sling bullets
 s - 24 poisoned needles
Armour
 f - a +0 shield
 i - a scarf of cloud immunity (worn)
 l - a +0 pair of boots (worn)
 p - a +0 hat (worn)
 y - a cursed +0 robe (worn)
Jewellery
 q - a +3 ring of evasion (left hand)
Wands
 x - a wand of iceblast (6)
Scrolls
 g - a scroll of immolation {unknown}
 k - 2 scrolls of fog
 n - 3 scrolls of remove curse
 o - a scroll of enchant armour {unknown}
 u - a scroll of teleportation {unknown}
 v - a scroll of blinking {unknown}
 w - a scroll of enchant weapon {unknown}
Potions
 r - 2 potions of curing
Books
 c - a book of Minor Magic

   Spells                             Type                      Level
   a - Magic Dart                     Conjuration                  1
   b - Blink                          Translocation                2
   c - Call Imp                       Summoning                    2
   d - Slow                           Hexes                        2
   e - Conjure Flame                  Conjuration/Fire             3
   f - Mephitic Cloud                 Conjuration/Poison/Air       3
 t - a book of Cantrips

   Spells                             Type                      Level
   a - Confusing Touch                Hexes                        1
   b - Animate Skeleton               Necromancy                   1
   c - Summon Small Mammal            Summoning                    1
   d - Apportation                    Translocation                1
Comestibles
 d - 4 rations
 j - a chunk of flesh


   Skills:
 + Level 2.0 Fighting
 + Level 2.0 Short Blades
 + Level 2.0 Long Blades
 + Level 2.0 Axes
 + Level 2.0 Maces & Flails
 + Level 2.0 Polearms
 + Level 2.0 Staves
 + Level 2.0 Slings
 + Level 2.0 Bows
 + Level 2.0 Crossbows
 + Level 2.0 Throwing
 + Level 2.0 Armour
 + Level 5.0 Dodging
 + Level 4.6 Stealth
 + Level 2.0 Shields
 + Level 2.0 Unarmed Combat
 + Level 7.4 Spellcasting
 + Level 2.6 Conjurations
 + Level 1.5 Hexes
 + Level 1.5 Charms
 + Level 2.6 Summonings
 + Level 1.5 Necromancy
 + Level 2.6 Translocations
 + Level 1.5 Transmutations
 + Level 1.5 Fire Magic
 + Level 1.5 Ice Magic
 + Level 1.5 Air Magic
 + Level 1.5 Earth Magic
 + Level 1.5 Poison Magic
 + Level 2.2 Invocations
 + Level 2.0 Evocations


You had 8 spell levels left.
You knew the following spells:

 Your Spells              Type           Power        Failure   Level  Hunger
a - Magic Dart            Conj           ###.         2%          1    None
b - Blink                 Tloc           N/A          4%          2    None
c - Conjure Flame         Conj/Fire      ###.....     10%         3    None
d - Mephitic Cloud        Conj/Pois/Air  ###.....     11%         3    None
g - Call Imp              Summ           ###.....     4%          2    None


Dungeon Overview and Level Annotations

Branches:
Dungeon (7/15)
 Temple: D:4-7

Altars:
Yredelemnul
The Shining One

Annotations:
D:3 1 exclusion, Sigmund
D:6 Eustachio


Innate Abilities, Weirdness & Mutations

Your experience applies equally to all skills.
You have very sharp teeth.
Your uncanny sense of smell can sniff out nearby items.


Message History

The centaur is heavily wounded.
Your crimson imp hits the centaur but does no damage.
The centaur misses your crimson imp.
You swap places.
The centaur hits your crimson imp but does no damage.
Your crimson imp blinks!
Your white imp closely misses the centaur.
You see here an arrow.
You hear a twanging sound.
The centaur unwields an uncursed shortbow.
The centaur hits your white imp!
Your white imp gestures at the centaur.
The puff of frost hits the centaur.
Something hits your white imp.
Your white imp dies!
The centaur wields an uncursed shortbow.
The centaur shoots an arrow.
The arrow completely misses you.
You see here an arrow.
The centaur shoots an arrow.
The arrow hits you!
You die...

∆ ∆ ##### ##c.(##
#######<###@###
#.(.(.(............
#...........##.######
#$!.#.####.##.# .#
....... ##.#.# ##
(#####. #... #. ....
#. .#.# .. ##.#


You could see a centaur.

Vanquished Creatures
  A bullfrog skeleton (D:5)
  2 iguanas (D:5)
  Terence (D:3)
  2 gnolls
  A howler monkey skeleton (D:4)
  3 adders
  A shadow imp (D:5)
  An ooze (D:1)
  6 worms
  A dart slug (D:2)
  5 leopard geckos
  A ball python (D:2)
  2 giant cockroaches
  13 goblins
  8 hobgoblins
  2 jackals (D:1)
  A quokka (D:4)
  6 bats
  7 kobolds
  A leopard gecko zombie (D:6)
  A quokka skeleton (D:5)
  8 rats
74 creatures vanquished.

Vanquished Creatures (collateral kills)
  A scorpion (D:5)
  A worker ant (D:5)
  An iguana (D:5)
  3 gnolls (D:5)
  A quokka (D:5)
7 creatures vanquished.

Vanquished Creatures (others)
  A hound (D:6)
  An iguana (D:6)
  A howler monkey skeleton (D:6)
  A jackal skeleton (D:6)
4 creatures vanquished.

Grand Total: 85 creatures vanquished

Notes
Turn   | Place    | Note
-------+----------+-------------------------------------------
     0 | D:1      | wilfster70 the Gnoll Wizard began the quest for the Orb.
     0 | D:1      | Reached XP level 1. HP: 13/13 MP: 8/8
   158 | D:1      | Reached XP level 2. HP: 17/20 MP: 2/10
   380 | D:1      | Learned a level 2 spell: Blink
   383 | D:1      | Learned a level 2 spell: Call Imp
   433 | D:1      | Reached XP level 3. HP: 25/25 MP: 4/11
   766 | D:1      | Reached skill level 1 in Invocations
   771 | D:1      | Learned a level 3 spell: Conjure Flame
  1133 | D:2      | Reached skill level 1 in Fighting
  1133 | D:2      | Reached skill level 1 in Short Blades
  1133 | D:2      | Reached skill level 1 in Long Blades
  1133 | D:2      | Reached skill level 1 in Axes
  1133 | D:2      | Reached skill level 1 in Maces & Flails
  1133 | D:2      | Reached skill level 1 in Polearms
  1133 | D:2      | Reached skill level 1 in Staves
  1133 | D:2      | Reached skill level 1 in Slings
  1133 | D:2      | Reached skill level 1 in Bows
  1133 | D:2      | Reached skill level 1 in Crossbows
  1133 | D:2      | Reached skill level 1 in Throwing
  1133 | D:2      | Reached skill level 1 in Armour
  1133 | D:2      | Reached skill level 1 in Shields
  1133 | D:2      | Reached skill level 1 in Unarmed Combat
  1133 | D:2      | Reached skill level 1 in Evocations
  1240 | D:2      | Reached XP level 4. HP: 32/32 MP: 3/13
  1537 | D:2      | Found a basalt altar of Yredelemnul.
  1616 | D:2      | Reached skill level 1 in Hexes
  1616 | D:2      | Reached skill level 1 in Charms
  1616 | D:2      | Reached skill level 1 in Necromancy
  1616 | D:2      | Reached skill level 1 in Transmutations
  1616 | D:2      | Reached skill level 1 in Fire Magic
  1616 | D:2      | Reached skill level 1 in Ice Magic
  1616 | D:2      | Reached skill level 1 in Air Magic
  1616 | D:2      | Reached skill level 1 in Earth Magic
  1616 | D:2      | Reached skill level 1 in Poison Magic
  2166 | D:3      | Learned a level 3 spell: Mephitic Cloud
  2169 | D:3      | Noticed Sigmund
  2247 | D:3      | Noticed Terence
  2650 | D:3      | Killed Terence
  2650 | D:3      | Reached XP level 5. HP: 37/37 MP: 14/14
  3056 | D:5      | Entered Level 5 of the Dungeon
  3189 | D:6      | Noticed Eustachio
  3596 | D:5      | Reached XP level 6. HP: 33/44 MP: 8/16
  4036 | D:5      | Reached skill level 5 in Dodging
  4501 | D:6      | Found a glowing golden altar of the Shining One.
  4569 | D:7      | Shot with an arrow by a centaur

Skill      XL: |  1  2  3  4  5  6 |
---------------+-------------------+-----
Conjurations   | 2 |  2.6
Summonings     | 2 |  2.6
Translocations | 2 |  2.6
Invocations    | 1 2 |  2.2
Fighting       | 1 2 |  2.0
Short Blades   | 1 2 |  2.0
Long Blades    | 1 2 |  2.0
Axes           | 1 2 |  2.0
Maces & Flails | 1 2 |  2.0
Polearms       | 1 2 |  2.0
Staves         | 1 2 |  2.0
Slings         | 1 2 |  2.0
Bows           | 1 2 |  2.0
Crossbows      | 1 2 |  2.0
Throwing       | 1 2 |  2.0
Armour         | 1 2 |  2.0
Shields        | 1 2 |  2.0
Unarmed Combat | 1 2 |  2.0
Evocations     | 1 2 |  2.0
Hexes          | 1 |  1.5
Charms         | 1 |  1.5
Necromancy     | 1 |  1.5
Transmutations | 1 |  1.5
Fire Magic     | 1 |  1.5
Ice Magic      | 1 |  1.5
Air Magic      | 1 |  1.5
Earth Magic    | 1 |  1.5
Poison Magic   | 1 |  1.5
Dodging        | 5 |  5.0
Stealth        | |  4.6
Spellcasting   | |  7.4

Action                   |  1- 3 |  4- 6 || total
-------------------------+-------+-------++-------
Melee: Unarmed           |     5 |       ||     5
       Spear             |     3 |    63 ||    66
       Bite              |       |     4 ||     4
 Cast: Magic Dart        |    93 |   148 ||   241
       Blink             |       |     5 ||     5
       Call Imp          |       |    14 ||    14
Evoke: Wand              |       |     3 ||     3
  Use: Scroll            |       |     7 ||     7
       Potion            |       |     3 ||     3
 Stab: Sleeping          |     1 |     1 ||     2
  Eat: Chunk             |     1 |    10 ||    11
Armor: Robe              |     3 |    16 ||    19
Dodge: Dodged            |    18 |   156 ||   174
